 Dungeon Crawl Stone Soup version 0.19.4-10-g532645f (webtiles) character file.

127301 mattington the Fencer (level 17, -6/119 HPs)
             Began as a Halfling Berserker on Feb 13, 2017.
             Was a High Priest of Trog.
             Mangled by a faun
             ... wielding a +0 quarterstaff
              (18 damage)
             ... on level 2 of the Shoals on Feb 25, 2017.
             The game lasted 02:24:41 (33902 turns).

mattington the Fencer (Halfling Berserker)         Turns: 33902, Time: 02:24:43

Health: -6/119     AC: 24    Str: 21    XL:     17   Next: 55%
Magic:  10/21      EV: 24    Int:  5    God:    Trog [*****.]
Gold:   1499       SH:  0    Dex: 18    Spells: 0 memorised, 16 levels left

rFire  . . .     SeeInvis .     b - +3 fustibalus (freeze)
rCold  . . .     Gourm    .     E - +4 ring mail
rNeg   + . .     Faith    +     (shield restricted)
rPois  .         Spirit   .     A - +2 hat
rElec  .         Reflect  .     U - +2 cloak
rCorr  .         Harm     .     i - +1 pair of gloves
MR     ++...                    V - +2 pair of boots
Stlth  +.........               s - amulet of faith
                                o - ring of positive energy
                                K - ring of protection from magic

@: no status effects
A: mutation resistance 1
a: Berserk, Trog's Hand, Brothers in Arms, Burn Spellbooks, Renounce Religion


You were on level 2 of the Shoals.
You worshipped Trog.
Trog was extremely pleased with you.
You were not hungry.

You visited 6 branches of the dungeon, and saw 25 of its levels.

You collected 3075 gold pieces.
You spent 1576 gold pieces at shops.

Inventory:

Hand Weapons
 a - a +6 antimagic demon blade
 b - a +3 fustibalus of freezing (weapon)
 c - a +0 fustibalus of venom
 M - a +2 scimitar of flaming
 X - a +2 vampiric scimitar
Missiles
 e - 378 sling bullets (quivered)
Armour
 i - a +1 pair of gloves (worn)
 A - a +2 hat (worn)
 E - a +4 ring mail (worn)
 U - a +2 cloak (worn)
 V - a +2 pair of boots (worn)
Jewellery
 f - an uncursed ring of poison resistance
 o - a ring of positive energy (right hand)
 s - an amulet of faith (around neck)
 F - an uncursed ring of resist corrosion
 K - a ring of protection from magic (left hand)
 N - an uncursed amulet of magic regeneration
Wands
 j - a wand of iceblast (8/15)
 q - a wand of flame (23/48)
 B - a wand of lightning (7/15)
 D - a wand of iceblast (4/15)
 G - a wand of digging (14/24)
 H - a wand of iceblast (5/15)
 I - a wand of acid (8/15)
 L - a wand of heal wounds (1/9)
 Z - a wand of teleportation (3/9)
Scrolls
 h - a scroll of vulnerability
 n - 9 scrolls of remove curse
 u - 3 scrolls of teleportation
 x - 4 scrolls of identify
 y - 5 scrolls of fog
 C - a scroll of enchant weapon
 J - 3 scrolls of fear
 Q - 3 scrolls of magic mapping
Potions
 d - a potion of ambrosia
 g - 6 potions of curing
 l - a potion of invisibility
 m - 2 potions of cancellation
 p - 3 potions of haste
 r - a potion of resistance
 t - a potion of magic
 z - 3 potions of might
 S - 8 potions of flight
 T - a potion of agility
 Y - a potion of lignification
Books
 O - a book of Minor Magic

   Spells                             Type                      Level
   a - Magic Dart                     Conjuration                  1
   b - Blink                          Translocation                2
   c - Call Imp                       Summoning                    2
   d - Repel Missiles                 Charms/Air                   2
   e - Slow                           Hexes                        2
   f - Conjure Flame                  Conjuration/Fire             3
   g - Mephitic Cloud                 Conjuration/Poison/Air       3
   Trog disapproves of the use of such an item.
 R - a book of Minor Magic

   Spells                             Type                      Level
   a - Magic Dart                     Conjuration                  1
   b - Blink                          Translocation                2
   c - Call Imp                       Summoning                    2
   d - Repel Missiles                 Charms/Air                   2
   e - Slow                           Hexes                        2
   f - Conjure Flame                  Conjuration/Fire             3
   g - Mephitic Cloud                 Conjuration/Poison/Air       3
   Trog disapproves of the use of such an item.
Comestibles
 k - 6 chunks of flesh
 w - 20 fruits
 P - a meat ration
 W - 19 bread rations


   Skills:
 - Level 12.0 Fighting
 - Level 16.5 Long Blades
 + Level 13.6 Slings
 + Level 13.8 Armour
 + Level 13.2 Dodging
 - Level 6.0 Evocations


You had 16 spell levels left.
You didn't know any spells.

Dungeon Overview and Level Annotations

Branches:
Dungeon (13/15)            Temple (1/1) D:4            Lair (6/6) D:10
 Shoals (2/4) Lair:4        Snake (1/4) Lair:3          Orc (2/2) D:12
    Elf (0/3) Orc:2        Vaults (0/5) D:13
  Slime: Lair:5-6

Altars:
Ashenzari
Cheibriados
Dithmenos
Elyvilon
Fedhas
Gozag
Hepliaklqana
Kikubaaqudgha
Makhleb
Nemelex Xobeh
Okawaru
Qazlal
Ru
Sif Muna
Trog
Uskayaw
Vehumet
Xom
Yredelemnul
Zin
The Shining One
Beogh

Shops:
D:6 ?   D:10 *   Orc:2 %:}![!

Portals:
Pandemonium: Orc:2

Annotations:
Lair:2 Sonja
Lair:5 exclusion: oklob plant


Innate Abilities, Weirdness & Mutations

You are small and have problems with some larger weapons.
You are somewhat resistant to further mutation.


Message History

Your deep troll bites the water elemental!
Your deep troll misses the water elemental.
Your deep troll closely misses the water elemental.
The merfolk hits you but does no damage.
The merfolk throws a tomahawk.
The tomahawk hits you but does no damage.
You rip the net and break free!
Your deep troll bites the water elemental.
Your deep troll claws the water elemental!! x2
The water elemental is destroyed!
Trog accepts your kill.
The merfolk aquamancer hits you with a rapier of electrocution!
* * * LOW HITPOINT WARNING * * *
You are electrocuted!
* * * LOW HITPOINT WARNING * * *
The merfolk completely misses you.
The faun unwields an uncursed hunting sling.
The faun wields an uncursed quarterstaff.
The faun hits you with an uncursed quarterstaff!!
You die...

P≈≈P PP≈≈≈
≈≈≈≈≈≈≈≈/.....≈
≈≈≈P≈
≈≈≈≈≈≈=........
≈≈≈≈≈
≈≈≈≈≈≈.........
≈≈≈≈P
≈≈≈≈≈..........
≈≈≈PP
≈≈(≈≈..........
≈≈≈≈P
≈≈≈≈≈..Tmmm....
≈≈≈≈≈
≈≈≈≈≈≈..c......
≈≈≈≈≈
≈≈≈≈≈≈T@m....#
≈≈≈≈≈
≈≈≈≈≈≈..c...##
≈≈≈≈≈
≈≈≈≈≈≈≈.....#
≈≈≈≈≈
≈≈≈≈≈≈≈........
≈≈≈≈≈
≈≈≈≈≈≈≈≈...≈≈..
≈≈≈≈≈
≈≈≈≈≈≈≈≈≈≈≈≈≈≈≈
≈≈≈≈≈
≈≈≈≈≈≈≈≈≈≈≈≈≈≈≈
≈≈≈≈≈
≈≈≈≈≈≈≈≈≈≈≈≈≈≈≈
≈≈≈≈≈


You could see a merfolk aquamancer, 3 merfolk, 2 fauns and 2 friendly deep
trolls.

Vanquished Creatures
  Frances (D:12)
  Kirke (Lair:6)
  Donald (Orc:1)
  A stone giant (Orc:1)
  6 dire elephants (Lair:6)
  A merfolk javelineer (Shoals:2)
  Josephine (Lair:5)
  A vault guard (D:13)
  Fannar (D:12)
  11 hydras
  A centaur warrior (D:12)
  An anaconda (Lair:6)
  A merfolk aquamancer (Shoals:1)
  3 orc high priests
  2 sixfirhies (Orc:2)
  2 sea snakes (Shoals:1)
  An unseen horror (D:12)
  3 skeletal warriors (D:12)
  4 hill giants
  A gelid demonspawn (Orc:2)
  A torturous demonspawn (Orc:2)
  An infernal demonspawn (Orc:2)
  3 harpies (Shoals:1)
  Pikel (D:4)
  7 orc knights
  12 orc sorcerers
  A wolf spider (D:13)
  4 cyclopes
  19 elephants
  10 slime creatures
  6 manticores
  A faun (Shoals:1)
  Maurice (Orc:1)
  3 deep elf magi (Orc:2)
  6 black mambas
  2 centaur zombies
  Joseph (D:7)
  2 water nymphs (Shoals:1)
  11 spiny frogs
  An orange demon (Orc:2)
  A gargoyle (D:12)
  A rime drake (Lair:6)
  2 kobold demonologists
  An efreet (D:13)
  12 komodo dragons
  A hellwing (Orc:2)
  An ice devil (Orc:2)
  3 trolls
  A tengu conjurer (D:12)
  A polar bear (Lair:5)
  A wind drake (Shoals:1)
  5 merfolk
  19 blink frogs
  12 hippogriffs
  6 dream sheep
  A snapping turtle (Shoals:1)
  4 wraiths
  Sigmund (D:5)
  3 water elementals (Shoals:1)
  2 wyverns
  37 yaks
  4 hogs
  Menkaure (D:4)
  3 hungry ghosts
  5 vampire mosquitoes (D:12)
  Edmund (D:5)
  4 nagas (Lair:3)
  2 wargs
  A soldier ant (D:13)
  31 water moccasins
  6 porcupines
  A swamp drake (Orc:2)
  41 orc warriors
  4 phantoms
  18 ice beasts
  A sky beast (D:11)
  3 black bears
  10 ogres
  2 wolves (Lair:1)
  15 centaurs
  19 crocodiles
  Blork the orc (D:5)
  5 big kobolds
  19 bullfrogs
  2 wyvern skeletons
  10 killer bees
  6 scorpions
  11 wights
  5 howler monkeys
  4 electric eels (D:9)
  5 crimson imps
  3 quasits
  A bullfrog zombie (D:13)
  7 hounds
  8 jellies
  7 centaur skeletons
  29 orc priests
  An iron imp (Orc:2)
  21 orc wizards
  4 bullfrog skeletons
  3 iguanas
  11 worker ants
  A killer bee zombie (D:6)
  A hound skeleton (D:8)
  A worker ant zombie (D:6)
  A howler monkey zombie (D:6)
  Robin (D:2)
  4 gnolls
  A howler monkey skeleton (D:10)
  29 adders
  3 river rats (D:10)
  3 shadow imps
  A white imp (Orc:2)
  5 oozes
  An adder zombie (D:6)
  2 worms
  4 leopard geckos
  110 orcs
  5 ball pythons
  4 giant cockroaches
  18 goblins
  11 hobgoblins
  7 jackals
  10 quokkas
  14 bats
  9 frilled lizards
  A jackal skeleton (D:4)
  2 jackal zombies
  12 kobolds
  A quokka skeleton (D:7)
  12 rats
  A fungus (Lair:4)
  2 plants (Lair:6)
864 creatures vanquished.

Vanquished Creatures (collateral kills)
  Rupert (Lair:5)
  A hydra (D:10)
  2 hill giants (D:10)
  A siren (Shoals:2)
  A water nymph (Shoals:1)
  A hippogriff (D:10)
  A water elemental (Shoals:2)
  2 yaks (Lair:1)
  A jelly (D:10)
11 creatures vanquished.

Vanquished Creatures (others)
  A centaur warrior (D:13)
  2 humans (Lair:6)
  An ogre (D:4)
  An orc wizard (D:12)
  An iguana (D:4)
  2 orcs
  30 fungi
  16 plants
54 creatures vanquished.

Grand Total: 929 creatures vanquished

Notes
Turn   | Place    | Note
-------+----------+-------------------------------------------
     0 | D:1      | mattington the Halfling Berserker began the quest for the Orb.
     0 | D:1      | Reached XP level 1. HP: 15/15 MP: 1/1
   107 | D:1      | Reached XP level 2. HP: 20/20 MP: 2/2
   399 | D:1      | Reached skill level 4 in Long Blades
   399 | D:1      | Reached XP level 3. HP: 20/25 MP: 3/3
   775 | D:1      | Reached ** piety under Trog
   835 | D:1      | Reached XP level 4. HP: 30/30 MP: 4/4
  1672 | D:2      | Reached skill level 5 in Long Blades
  1812 | D:2      | Noticed Robin
  1820 | D:2      | Killed Robin
  1821 | D:2      | Reached XP level 5. HP: 35/35 MP: 5/5
  2474 | D:3      | Reached skill level 6 in Long Blades
  2768 | D:3      | Reached *** piety under Trog
  2772 | D:3      | Reached XP level 6. HP: 41/41 MP: 6/6
  3311 | D:4      | Noticed Pikel
  3311 | D:4      | Noticed a slave
  3311 | D:4      | Noticed a slave
  3313 | D:4      | Noticed a slave
  3381 | D:4      | Noticed Menkaure
  3392 | D:4      | Killed Menkaure
  3392 | D:4      | Reached skill level 7 in Long Blades
  3669 | D:4      | Killed Pikel
  3669 | D:4      | Reached skill level 9 in Long Blades
  3669 | D:4      | Reached XP level 7. HP: 45/45 MP: 7/7
  3669 | D:4      | Reached XP level 8. HP: 51/51 MP: 8/8
  4576 | D:4      | Found a staircase to the Ecumenical Temple.
  4616 | D:4      | Reached skill level 10 in Long Blades
  4729 | Temple   | Entered the Ecumenical Temple
  5224 | D:5      | Entered Level 5 of the Dungeon
  5369 | D:5      | Noticed Edmund
  5507 | D:5      | Killed Edmund
  5564 | D:5      | Reached **** piety under Trog
  5564 | D:5      | Reached XP level 9. HP: 57/57 MP: 9/9
  5625 | D:5      | Noticed Sigmund
  5644 | D:5      | Killed Sigmund
  5854 | D:5      | Noticed Blork the orc
  5874 | D:5      | Killed Blork the orc
  6222 | D:6      | Found Byuheemp's Magic Scroll Shop.
  6248 | D:6      | Bought a scroll of fear for 35 gold pieces
  6249 | D:6      | Bought a scroll of identify for 20 gold pieces
  6592 | D:6      | Reached skill level 1 in Slings
  6592 | D:6      | Reached skill level 1 in Evocations
  6757 | D:6      | Reached skill level 11 in Long Blades
  7002 | D:7      | Noticed Joseph
  7028 | D:7      | Killed Joseph
  7336 | D:7      | Reached XP level 10. HP: 58/63 MP: 12/12
  7502 | D:7      | Reached skill level 5 in Slings
  7770 | D:7      | Received a gift from Trog
  8297 | D:8      | Reached ***** piety under Trog
  8412 | D:8      | Reached skill level 5 in Evocations
  9228 | D:9      | Reached skill level 12 in Long Blades
  9639 | D:9      | Reached XP level 11. HP: 39/69 MP: 15/15
 10490 | D:9      | Reached skill level 10 in Slings
 10810 | D:10     | Entered Level 10 of the Dungeon
 10810 | D:10     | Noticed a hill giant
 10820 | D:10     | Killed a hill giant
 10880 | D:10     | Received a gift from Trog
 11224 | D:10     | Noticed a hill giant
 11248 | D:10     | Killed a hill giant
 11248 | D:10     | Reached skill level 13 in Long Blades
 11345 | D:10     | Received a gift from Trog
 11360 | D:10     | Upgraded the game from 0.19.4-8-ga85b6b9 to 0.19.4-10-g532645f
 11362 | D:10     | Identified a scroll of acquirement
 11371 | D:10     | Noticed a hill giant
 11411 | D:10     | Killed a hill giant
 11731 | D:10     | Noticed a hill giant
 11745 | D:10     | Killed a hill giant
 12029 | D:10     | Noticed a four-headed hydra
 12049 | D:10     | Found Myenytz's Assorted Antiques.
 12052 | D:10     | Killed a four-headed hydra
 12052 | D:10     | Reached skill level 5 in Dodging
 12052 | D:10     | Reached XP level 12. HP: 6/75 MP: 16/16
 12094 | D:10     | Bought a pair of runed boots for 367 gold pieces
 12144 | D:10     | Found a staircase to the Lair.
 12347 | Lair:1   | Entered Level 1 of the Lair of Beasts
 12384 | Lair:1   | Reached skill level 5 in Fighting
 12743 | Lair:1   | HP: 1/77 [komodo dragon (13)]
 13346 | Lair:1   | Reached skill level 5 in Armour
 14364 | Lair:2   | Noticed Sonja
 14507 | Lair:2   | Noticed a four-headed hydra
 14520 | Lair:2   | Killed a four-headed hydra
 14520 | Lair:2   | Reached skill level 14 in Long Blades
 15081 | Lair:2   | Reached XP level 13. HP: 79/84 MP: 17/17
 15315 | Lair:3   | Found a staircase to the Snake Pit.
 16528 | Lair:4   | Found a staircase to the Shoals.
 16679 | Lair:2   | Reached XP level 14. HP: 94/94 MP: 18/18
 16726 | Lair:4   | Received a gift from Trog
 17328 | Lair:4   | Received a gift from Trog
 17473 | Lair:5   | Noticed Josephine
 17966 | Lair:5   | Killed Josephine
 17966 | Lair:5   | Reached skill level 10 in Dodging
 18279 | Lair:5   | Noticed Rupert
 18648 | Lair:5   | Paralysed by Rupert for 3 turns
 18658 | Lair:5   | Paralysed by Rupert for 4 turns
 18690 | Lair:5   | Killed Rupert
 18690 | Lair:5   | Reached skill level 15 in Long Blades
 18901 | Lair:6   | Entered Level 6 of the Lair of Beasts
 18926 | Lair:5   | Reached skill level 10 in Armour
 19018 | Lair:5   | Reached XP level 15. HP: 47/101 MP: 6/19
 19709 | Lair:6   | Noticed Kirke
 20234 | Lair:6   | Killed Kirke
 20234 | Lair:6   | Reached skill level 16 in Long Blades
 20356 | Lair:5   | Received a gift from Trog
 20584 | Lair:6   | Received a gift from Trog
 21722 | Lair:6   | Got a pair of shimmering gloves
 21733 | Lair:6   | Identified the -4 pair of gloves "Ismuehea" {rC+ Regen+ Str+4} (You found it on level 6 of the Lair of Beasts)
 23083 | D:11     | Reached skill level 10 in Fighting
 23434 | D:11     | Reached XP level 16. HP: 96/109 MP: 6/20
 23923 | D:12     | Received a gift from Trog
 24100 | D:12     | Received a gift from Trog
 24152 | D:12     | Found a roughly hewn altar of Beogh.
 24152 | D:12     | Found a staircase to the Orcish Mines.
 24242 | D:12     | Received a gift from Trog
 24563 | Orc:1    | Entered Level 1 of the Orcish Mines
 24563 | Orc:1    | Noticed Maurice
 24576 | Orc:1    | Killed Maurice
 25092 | D:12     | Noticed Fannar
 25093 | D:12     | Noticed Frances
 25113 | D:12     | Killed Fannar
 25124 | D:12     | Killed Frances
 26527 | D:13     | Found a gate to the Vaults.
 26671 | D:13     | Received a gift from Trog
 27268 | Orc:1    | Found a roughly hewn altar of Beogh.
 27533 | Orc:2    | Entered Level 2 of the Orcish Mines
 27533 | Orc:2    | Noticed Donald
 27567 | Orc:1    | Killed Donald
 28187 | Orc:2    | Found a staircase to the Elven Halls.
 28367 | Orc:2    | Found Enlof's Food Shoppe.
 28416 | Orc:2    | Received a gift from Trog
 28587 | Orc:2    | Found Xymegint's Distillery.
 28588 | Orc:2    | Found Jifed's Distillery.
 28618 | Orc:2    | Received a gift from Trog
 28769 | Orc:2    | Found Ciriy's Book Shop.
 28930 | Orc:2    | Received a gift from Trog
 29163 | Orc:2    | Bought a potion of heal wounds for 65 gold pieces
 29165 | Orc:2    | Bought a potion of lignification for 36 gold pieces
 29165 | Orc:2    | Bought a potion of cancellation for 96 gold pieces
 29165 | Orc:2    | Bought a potion of heal wounds for 60 gold pieces
 29229 | Orc:2    | Found Syqisats's Distillery.
 29343 | Orc:2    | Reached ****** piety under Trog
 29763 | Orc:2    | Reached XP level 17. HP: 114/117 MP: 7/21
 29766 | Orc:2    | Got a scorched hat
 29782 | Orc:2    | Received a gift from Trog
 30408 | Orc:2    | Received a gift from Trog
 30591 | Orc:2    | Identified the +0 hat of Inviolability {Int+3} (You found it on level 2 of the Orcish Mines)
 31640 | Orc:2    | Found Toeck's Gadget Boutique.
 31640 | Orc:2    | Found Ewuewo's Antique Armour Shop.
 31640 | Orc:2    | Found a one-way gate leading to the halls of Pandemonium.
 31657 | Orc:2    | Bought a wand of heal wounds (4/9) for 624 gold pieces
 31657 | Orc:2    | Bought a wand of teleportation (3/9) for 273 gold pieces
 31860 | Snake:1  | Entered Level 1 of the Snake Pit
 32224 | Shoals:1 | Entered Level 1 of the Shoals
 32256 | Shoals:1 | Received a gift from Trog
 33902 | Shoals:2 | Mangled by a faun

Skill      XL: |  1  2  3  4  5  6  7  8  9 10 11 12 13 14 15 16 17 |
---------------+----------------------------------------------------+-----
Long Blades    | 4 5 6 9 10 11 12 13 14 15 16 | 16.5
Fighting       | 3 4 6 8 9 10 11 12 | 12.0
Dodging        | 3 4 5 7 9 10 11 12 13 | 13.2
Slings         | 4 8 12 13 | 13.6
Evocations     | 3 6 |  6.0
Armour         | 3 6 8 10 11 13 | 13.8

Action                   |  1- 3 |  4- 6 |  7- 9 | 10-12 | 13-15 | 16-18 || total
-------------------------+-------+-------+-------+-------+-------+-------++-------
Melee: Falchion          |    52 |    81 |    12 |       |       |       ||   145
       Dagger            |       |   210 |   550 |       |       |       ||   760
       Long sword        |       |       |    22 |   770 |   442 |    41 ||  1275
       Double sword      |       |       |       |    15 |   518 |   152 ||   685
       Demon blade       |       |       |       |       |       |   983 ||   983
       Scimitar          |       |       |       |       |       |    49 ||    49
 Fire: Hunting sling     |       |       |     3 |    88 |   248 |     4 ||   343
       Fustibalus        |       |       |       |       |       |   123 ||   123
Throw: Stone             |       |       |       |       |     1 |       ||     1
Invok: Berserk           |     1 |     7 |    10 |    17 |    14 |     7 ||    56
       Trog's Hand       |       |     1 |       |     7 |     1 |     2 ||    11
       Burn Spellbooks   |       |       |     2 |       |     2 |       ||     4
       Brothers in Arms  |       |       |       |     6 |     1 |     3 ||    10
Evoke: Wand              |       |       |     1 |       |     1 |     3 ||     5
  Use: Scroll            |     7 |       |     9 |     4 |    16 |     3 ||    39
       Potion            |       |       |       |     3 |     2 |     3 ||     8
 Stab: Sleeping          |       |       |       |     1 |       |       ||     1
       Distracted        |       |       |       |       |       |     1 ||     1
  Eat: Chunk             |       |    14 |    21 |    42 |    31 |    34 ||   142
       Beef jerky        |       |     1 |       |     2 |       |       ||     3
       Fruit             |       |       |     2 |     1 |     1 |       ||     4
       Royal jelly       |       |       |       |     1 |       |       ||     1
       Meat ration       |       |       |       |       |     1 |     1 ||     2
       Bread ration      |       |       |       |       |     1 |     2 ||     3
Armor: Animal skin       |     6 |       |       |       |       |       ||     6
       Chain mail        |     3 |    96 |       |       |   241 |   274 ||   614
       Ring mail         |       |    13 |   105 |   204 |   110 |    68 ||   500
Dodge: Dodged            |    34 |   136 |   246 |   427 |   771 |   780 ||  2394
       Rpst.: Falchion   |    13 |    16 |     1 |       |       |       ||    30
       Long sword        |       |       |     5 |   122 |    94 |     4 ||   225
       Double sword      |       |       |       |     1 |    91 |    27 ||   119
       Demon blade       |       |       |       |       |       |   151 ||   151
       Scimitar          |       |       |       |       |       |     5 ||     5
